 Dungeon Crawl Stone Soup version 0.18.1-50-g88ac8fd (webtiles) character file.

1668 magog001 the Shield-Bearer (level 8, 0/70 HPs)
             Began as a Minotaur Fighter on Mar 24, 2017.
             Was a Believer of Nemelex Xobeh.
             Succumbed to an orc wizard's poison
             ... on level 6 of the Dungeon.
             The game lasted 00:34:30 (5459 turns).

magog001 the Shield-Bearer (Minotaur Fighter)       Turns: 5459, Time: 00:34:31

Health: 0/70       AC: 20    Str: 34 (35) XL:     8   Next: 69%
Magic:  7/7        EV: 10    Int:  7 (10) God:    Nemelex Xobeh [**....]
Gold:   307        SH: 13    Dex:  7 (9)  Spells: 0 memorised, 7 levels left

rFire  . . .     SeeInvis .     E - +3 mace (protect)
rCold  . . .     Gourm    +     K - +0 plate armour
rNeg   . . .     Faith    .     c - +1 shield
rPois  .         Spirit   .     (helmet restricted)
rElec  .         Dismiss  .     F - +0 cloak
rCorr  .         Reflect  .     (no gloves)
SustAt .         Harm     .     A - +0 pair of boots
MR     .....                    j - amulet of the gourmand
Stlth  ..........               v - +6 ring of strength
                                e - +2 ring of evasion

@: mighty, brilliant, lethally poisoned (0 -> -18), not resistant to hostile
enchantments, extremely unstealthy
A: retaliatory headbutt, horns 2
a: Renounce Religion


You were on level 6 of the Dungeon.
You worshipped Nemelex Xobeh.
Nemelex Xobeh was pleased with you.
You were not hungry.

You visited 1 branch of the dungeon, and saw 6 of its levels.
You also visited: Sewer.

You collected 307 gold pieces.

Inventory:

Hand Weapons
 a - a +0 war axe
 g - a +2 halberd of freezing
 x - a +3 vampiric spear
 C - a +2 vampiric short sword
 E - a +3 mace of protection (weapon)
Missiles
 B - 7 javelins (quivered)
Armour
 c - a +1 shield (worn)
 A - a +0 pair of boots (worn)
 F - a +0 cloak (worn)
 K - a +0 plate armour (worn)
Jewellery
 e - a +2 ring of evasion (left hand)
 j - an amulet of the gourmand (around neck)
 l - an uncursed amulet of rage
 o - a +2 ring of dexterity
 v - a +6 ring of strength (right hand)
Wands
 h - a wand of lightning (9/15)
 D - a wand of acid (15/15)
 J - a wand of digging (6/24)
Scrolls
 i - 3 scrolls of amnesia
 k - 2 scrolls of teleportation
 w - a scroll of remove curse
 y - a scroll of identify
 z - a scroll of noise {unknown}
 G - a scroll of fear {unknown}
 I - a scroll of blinking
Potions
 p - 2 potions of lignification
 r - 2 potions of agility
 s - a potion of flight {unknown}
Miscellaneous
 t - a plain deck of war {drawn: 2}
 u - a phial of floods
 H - a legendary deck of destruction
Comestibles
 b - 8 chunks of flesh
 f - 2 bread rations
 m - a beef jerky
 n - 4 meat rations


   Skills:
 * Level 5.9 Fighting
 - Level 5.3(5.7) Axes
 * Level 2.6(4.4) Polearms
 + Level 6.7 Armour
 * Level 5.5 Dodging
 + Level 0.5 Stealth
 + Level 7.8 Shields
 + Level 0.1 Evocations


You had 7 spell levels left.
You didn't know any spells.

Dungeon Overview and Level Annotations

Branches:
Dungeon (6/15)
 Temple: D:4-7

Altars:
Fedhas
Gozag
Kikubaaqudgha
Makhleb
Nemelex Xobeh
Pakellas
Qazlal
Sif Muna
Xom
The Shining One

Shops:
D:2 *


Innate Abilities, Weirdness & Mutations

You reflexively headbutt those who attack you in melee.
You have a pair of horns on your head.


Message History

You feel very mighty all of a sudden.
You feel sick. Something hits you but does no damage.
You are lethally poisoned!
Something hits you but does no damage.
You are more poisoned.
Drink which item? (? for menu, Esc to quit)
It was a potion of brilliance.
You feel clever all of a sudden.
* * * LOW HITPOINT WARNING * * *
You feel sick.
You hear some strange, mumbled words.
A puff of frost appears from out of thin air!
The puff of frost hits you!
* * * LOW HITPOINT WARNING * * *
Drink which item? (? for menu, Esc to quit)
It was a potion of degeneration.
There was something very wrong with that liquid.
You feel weakened.
You feel dopey.
You feel clumsy.
You die...
Your body glows slightly and disappears.

*,* *,* *,********###********
*,,,,,,,,,...,,,,,,,**
***,*****#,*#.#****,*,,*
*,,,,,..##.##.########+#######
****,,,,..............#.....#....
,,,,,,,,...,#.*#.#*####.#.#.#..##
****,,,,,...#.*#@# #..#.._..#..#
* *****###.#[##{# #..#.#.#.#.## *
****#......oo###..#.....#.# *
*,,,....o.........###'###.###
*****,###.#.##.................#.
,,,,,,..............5......>....)
,,,,,,.......#########..##.##..#'
,,,,,,..#....,,,........##.#.....
,,,,,,.......***####.............


You could see an orc priest and an orc.

Vanquished Creatures
  An orc warrior (D:6)
  2 ogres
  Blork the orc (D:4)
  5 giant frogs
  A crimson imp (D:6)
  A howler monkey (D:5)
  3 hounds
  An orc wizard (D:4)
  3 gnoll shamans (D:3)
  A giant frog skeleton (D:5)
  An iguana (D:4)
  A worker ant (D:4)
  A hound skeleton (D:4)
  A hound zombie (D:6)
  36 gnolls
  7 adders
  A river rat (D:3)
  An ooze (D:5)
  An adder skeleton (D:4)
  A worm (D:5)
  4 giant geckos
  8 orcs
  7 ball pythons
  8 bats
  10 giant cockroaches
  6 goblins
  5 hobgoblins
  23 jackals
  8 kobolds
  2 quokkas (D:4)
  13 giant newts
  8 rats
  A plant (D:3)
173 creatures vanquished.

Vanquished Creatures (collateral kills)
  An ogre (D:3)
  3 gnolls (D:3)
  A goblin (D:3)
  A kobold (D:3)
6 creatures vanquished.

Grand Total: 179 creatures vanquished

Notes
Turn   | Place    | Note
--------------------------------------------------------------
     0 | D:1      | magog001 the Minotaur Fighter began the quest for the Orb.
     0 | D:1      | Reached XP level 1. HP: 19/19 MP: 0/0
   143 | D:1      | Reached XP level 2. HP: 22/27 MP: 1/1
   154 | D:1      | Reached skill level 4 in Shields
   390 | D:1      | Found a shimmering altar of Xom.
   686 | D:1      | Reached XP level 3. HP: 33/33 MP: 2/2
   941 | D:2      | Reached skill level 1 in Dodging
   962 | D:2      | Found an oddly glowing altar of Pakellas.
   987 | D:2      | Found an opulent altar of Gozag.
   987 | D:2      | Found Gozag's Platinum Reserve.
  1255 | D:3      | Reached XP level 4. HP: 39/40 MP: 3/3
  1272 | D:3      | Found a sparkling altar of Nemelex Xobeh.
  1279 | D:3      | Became a worshipper of Nemelex Xobeh the Trickster
  1332 | D:3      | Found a glowing drain.
  1391 | Sewer    | Entered a sewer
  1523 | Sewer    | Received a gift from Nemelex Xobeh
  1753 | Sewer    | Noticed a giant frog
  1754 | Sewer    | Noticed a giant frog
  1758 | Sewer    | Killed a giant frog
  1758 | Sewer    | Reached XP level 5. HP: 44/46 MP: 4/4
  1759 | Sewer    | Reached skill level 5 in Shields
  1915 | D:3      | Reached XP level 6. HP: 51/53 MP: 5/5
  2060 | D:3      | Reached skill level 5 in Armour
  2507 | D:3      | Reached XP level 7. HP: 57/60 MP: 6/6
  2614 | D:3      | Reached skill level 6 in Shields
  3063 | D:3      | Reached skill level 5 in Fighting
  3448 | D:3      | Found a stormy altar of Qazlal.
  3566 | D:4      | Reached skill level 5 in Axes
  3665 | D:4      | Found a burning altar of Makhleb.
  4012 | D:4      | Noticed Blork the orc
  4019 | D:4      | Killed Blork the orc
  4019 | D:4      | Reached XP level 8. HP: 68/68 MP: 7/7
  4025 | D:4      | Reached skill level 7 in Shields
  4209 | D:5      | Entered Level 5 of the Dungeon
  4209 | D:5      | Reached * piety under Nemelex Xobeh
  4339 | D:5      | Reached skill level 1 in Polearms
  4528 | D:5      | Found a sparkling altar of Nemelex Xobeh.
  4753 | D:5      | Found a deep blue altar of Sif Muna.
  4874 | D:5      | Received a gift from Nemelex Xobeh
  4981 | D:5      | Reached ** piety under Nemelex Xobeh
  5262 | D:6      | Found a glowing golden altar of the Shining One.
  5294 | D:6      | Found an ancient bone altar of Kikubaaqudgha.
  5361 | D:6      | Found a blossoming altar of Fedhas.
  5381 | D:6      | Reached skill level 5 in Dodging
  5458 | D:6      | HP: 2/70 [something/puff of frost (2)]
  5459 | D:6      | Succumbed to an orc wizard's poison

Skill      XL: |  1  2  3  4  5  6  7  8 |
---------------+-------------------------+-----
Shields        | 4 5 6 7 |  7.8
Armour         | 4 5 6 |  6.7
Fighting       | 4 5 |  5.9
Dodging        | 1 2 3 4 5 |  5.5
Axes           | 3 4 5 |  5.3
Polearms       | 2 |  2.6
Stealth        | |  0.5
Evocations     | |  0.1

Action                   |  1- 3 |  4- 6 |  7- 9 || total
-------------------------+-------+-------+-------++-------
Melee: War axe           |    96 |   124 |   119 ||   339
       Headbutt          |    12 |    25 |    43 ||    80
       Spear             |       |       |    22 ||    22
       Mace              |       |       |    75 ||    75
Evoke: Deck              |       |       |     2 ||     2
       Phial of floods   |       |       |     1 ||     1
  Use: Scroll            |     1 |     4 |    10 ||    15
       Potion            |       |       |     3 ||     3
  Eat: Chunk             |     5 |    13 |    14 ||    32
       Pizza             |       |       |     1 ||     1
       Beef jerky        |       |       |     1 ||     1
Armor: Scale mail        |    51 |    30 |    37 ||   118
       Plate armour      |       |       |    30 ||    30
Dodge: Dodged            |    42 |    75 |    91 ||   208
Block: Shield            |    48 |    97 |   153 ||   298
